 Dungeon Crawl Stone Soup version 0.21.1-1-g345015f (webtiles) character file.

235 Fang the Chopper (level 6, -1/57 HPs)
             Began as a Gargoyle Berserker on July 26, 2018.
             Was a Priest of Trog.
             Slain by an elf zombie (3 damage)
             ... in an ossuary.
             The game lasted 00:03:13 (2992 turns).

Fang the Chopper (Gargoyle Berserker)               Turns: 2992, Time: 00:03:13

Health: -1/57      AC:  6    Str: 27    XL:     6   Next: 5%
Magic:  6/6        EV: 12    Int:  8    God:    Trog [***...]
Gold:   216        SH:  0    Dex:  9    Spells: 5/5 levels left

rFire    . . .     SeeInvis .   a - +0 hand axe
rCold    . . .     Gourm    .   (no shield)
rNeg     + . .     Faith    .   b - +0 animal skin
rPois    ∞         Spirit   .   (no helmet)
rElec    +         Reflect  .   (no cloak)
rCorr    .         Harm     .   (no gloves)
MR       .....                  (no boots)
Stlth    ..........             (no amulet)
HPRegen  0.19/turn              (no ring)
MPRegen  0.10/turn              (no ring)

@: berserking (expiring), very quick
A: negative energy resistance 1, electricity resistance, unbreathing,
petrification resistance, rot immunity, AC +4
a: Berserk, Trog's Hand, Burn Spellbooks, Renounce Religion


You were in an ossuary.
You worshipped Trog.
Trog was most pleased with you.
You were hungry.

You visited 1 branch of the dungeon, and saw 4 of its levels.
You also visited: Ossuary.

You collected 216 gold pieces.

Inventory:

Hand Weapons
 a - a +0 hand axe (weapon)
Armour
 b - a +0 animal skin (worn)
Scrolls
 d - a scroll of enchant weapon {unknown}
 f - 4 scrolls of identify {unknown}
 g - a scroll of immolation {unknown}
 h - 3 scrolls of fog {unknown}
 k - 3 scrolls of remove curse {unknown}
 l - 2 scrolls of magic mapping {unknown}
 n - 2 scrolls of amnesia {unknown}
Potions
 e - 4 potions of haste
 i - a potion of cancellation {unknown}
 j - 3 potions of might {unknown}
 m - a potion of curing {unknown}
Comestibles
 c - 6 rations


   Skills:
 + Level 4.2 Fighting
 + Level 4.7 Axes
 + Level 2.2 Armour
 + Level 2.9 Dodging
 + Level 0.7 Stealth


You had 5 spell levels left.
You didn't know any spells.

Dungeon Overview and Level Annotations

Branches:
Dungeon (4/15)
 Temple: D:4-7

Altars:
Ashenzari
Nemelex Xobeh


Innate Abilities, Weirdness & Mutations

You are resistant to torment.
Your stone body is resilient. (AC +4)
You are immune to poison.
You resist negative energy. (rN+)
You are resistant to electric shocks. (rElec)
You can survive without breathing.
You are immune to petrification.
You are immune to rotting.


Message History

Increase (S)trength, (I)ntelligence, or (D)exterity?
You feel stronger. The elf zombie hits you.
* * * LOW HITPOINT WARNING * * *
You closely miss the elf zombie.
The elf zombie is moderately damaged.
You slash the elf zombie! The elf zombie misses you.
Unknown command.
You hit the elf zombie.
The elf zombie is moderately damaged.
You hit the elf zombie. The elf zombie barely misses you.
Unknown command.
You slash the elf zombie!
The elf zombie is heavily damaged.
You slash the elf zombie! The elf zombie barely misses you.
Unknown command.
You slash the elf zombie!
The elf zombie is severely damaged.
You slash the elf zombie! The elf zombie hits you.
You die...

................
...............#
...............#
................
................
................
................
.......Z........
.......@Z.......
................
................
...............#
...............#
................
................
.....#####.....


You could see 2 elf zombies.

Vanquished Creatures
  A scorpion (D:4)
  2 big kobold zombies (Ossuary)
  3 gnolls (D:3)
  2 adders
  2 worms
  4 dart slugs
  5 leopard geckos
  2 orcs
  9 bats
  7 goblins
  7 hobgoblins
  2 jackals (D:3)
  12 kobolds
  2 quokkas
  6 frilled lizards
  A goblin zombie (Ossuary)
  3 hobgoblin zombies (Ossuary)
  2 jackal zombies (Ossuary)
  A kobold zombie (Ossuary)
  An orc zombie (Ossuary)
  15 rats
89 creatures vanquished.

Notes
Turn   | Place    | Note
-------+----------+-------------------------------------------
     0 | D:1      | Fang the Gargoyle Berserker began the quest for the Orb.
     0 | D:1      | Reached XP level 1. HP: 14/14 MP: 1/1
   117 | D:1      | Reached XP level 2. HP: 10/19 MP: 2/2
   879 | D:1      | Reached XP level 3. HP: 24/24 MP: 3/3
  1297 | D:2      | Reached ** piety under Trog
  1750 | D:2      | Reached XP level 4. HP: 29/29 MP: 4/4
  1855 | D:2      | Found a sparkling altar of Nemelex Xobeh.
  1964 | D:2      | Found a shattered altar of Ashenzari.
  2369 | D:3      | Reached XP level 5. HP: 27/33 MP: 5/5
  2525 | D:3      | Reached *** piety under Trog
  2916 | D:4      | Found a sand-covered staircase.
  2963 | Ossuary  | Entered an ossuary
  2988 | Ossuary  | Reached XP level 6. HP: 6/38 MP: 6/6
  2988 | Ossuary  | HP: 2/57 [elf zombie (5)]
  2992 | Ossuary  | Slain by an elf zombie

Skill      XL: |  1  2  3  4  5 |
---------------+----------------+-----
Axes           | 3 4 |  4.7
Dodging        | 2 |  2.9
Fighting       | 4 |  4.2
Armour         | |  2.2
Stealth        | |  0.7

Action                   |  1- 3 |  4- 6 || total
-------------------------+-------+-------++-------
Melee: Hand axe          |   153 |   150 ||   303
Invok: Berserk           |       |     2 ||     2
 Stab: Sleeping          |     1 |       ||     1
  Eat: Chunk             |     2 |     6 ||     8
Armor: Animal skin       |    65 |    64 ||   129
Dodge: Dodged            |   127 |   131 ||   258
